Map: [ESL] Oceanborn

Players

GunGFuBanDa - Winner!

  • Race: Protoss Protoss
  • Spawn Location: 5:00

AqueroN

  • Race: Terran Terran
  • Spawn Location: 11:00

Event: ESL SC2 Masters 2024 Spring (Regional)

VOD

Have the link to the VOD?

Description

Time

  • Played on: April 21, 2024, 11:13 a.m.
  • Length: 15:38

All games in this series

Show
View Real Time Build Order
Export as new Build Order

GunGFuBanDa Protoss - Winner!

Build Orders: 1 Gate Expand, Blink Stalkers 

Get SALT Encoding   

  12  0:00  Probe  
  13  0:12  Probe  
  14  0:16  Pylon  
  14  0:24  Probe (Chrono Boost)  
  15  0:36  Probe (Chrono Boost)  
  15  0:37  Gateway  
  16  0:44  Probe (Chrono Boost)  
  16  0:46  Assimilator  
  17  0:50  Probe  
  18  1:03  Probe  
  19  1:15  Probe  
  20  1:25  Cybernetics Core  
  20  1:33  Nexus  
  20  1:40  Pylon  
  20  1:42  Probe  
  20  1:46  Assimilator  
  21  1:54  Probe  
  22  2:00  Adept (Chrono Boost)  
  22  2:03  Warp Gate  
  22  2:06  Probe (Chrono Boost)  
  26  2:17  Probe (Chrono Boost)  
  26  2:22  Stalker, Probe (Chrono Boost)  
  29  2:32  Probe  
  29  2:34  Shield Battery  
  30  2:41  Twilight Council  
  30  2:46  Probe (Chrono Boost)  
  30  2:49  Probe (Chrono Boost)  
  32  2:55  Probe (Chrono Boost)  
  34  2:58  Probe (Chrono Boost)  
  34  3:00  Stalker, Probe (Chrono Boost)  
  37  3:12  Probe (Chrono Boost)  
  39  3:13  Probe (Chrono Boost)  
  39  3:15  Gateway  
  39  3:18  Blink (Chrono Boost)  
  39  3:23  Probe (Chrono Boost)  
  39  3:24  Probe (Chrono Boost)  
  41  3:33  Probe  
  42  3:35  Pylon  
  42  3:40  Probe  
  42  3:41  Gateway  
  43  3:45  Probe  
  44  3:51  Stalker  
  44  3:52  Pylon  
  44  3:53  Probe  
  47  3:58  Probe  
  48  4:05  Probe  
  49  4:10  Stalker  
  49  4:11  Probe  
  49  4:13  Assimilator  
  49  4:15  Stalker  
  49  4:17  Robotics Facility  
  54  4:21  Probe  
  55  4:29  Nexus  
  55  4:35  Stalker  
  57  4:38  Stalker x2  
  57  4:42  Pylon  
  61  4:46  Shield Battery  
  61  4:49  Probe  
  62  4:54  Pylon  
  62  5:01  Probe (Chrono Boost), Sentry  
  62  5:03  Pylon, Probe (Chrono Boost), Observer  
  62  5:04  Assimilator  
  67  5:13  Probe (Chrono Boost)  
  69  5:14  Robotics Bay  
  69  5:16  Probe (Chrono Boost)  
  69  5:18  Probe (Chrono Boost)  
  70  5:24  Probe, Charge (Chrono Boost)  
  70  5:26  Pylon  
  70  5:27  Probe  
  72  5:28  Immortal (Chrono Boost)  
  72  5:30  Pylon  
  76  5:36  Probe  
  76  5:39  Probe  
  78  5:44  Probe  
  78  5:46  Gateway  
  78  5:48  Gateway  
  78  5:49  Probe  
  80  5:51  Probe  
  80  5:56  Probe  
  82  6:01  Probe  
  82  6:03  Colossus (Chrono Boost)  
  83  6:08  Gateway  
  89  6:13  Gateway  
  89  6:17  Zealot x3  
  95  6:20  Pylon  
  95  6:36  Gateway  
  90  6:40  Pylon  
  90  6:41  Observer  
  91  6:53  Stalker x2  
  91  6:54  Stalker x3  
  87  6:58  Observer  
  85  7:04  Zealot  
  85  7:05  Probe (Chrono Boost)  
  85  7:06  Probe (Chrono Boost)  
  87  7:11  Probe (Chrono Boost)  
  87  7:13  Sentry  
  87  7:14  Probe (Chrono Boost)  
  91  7:16  Probe (Chrono Boost)  
  91  7:18  Probe (Chrono Boost)  
  91  7:19  Probe (Chrono Boost)  
  93  7:26  Colossus  
  93  7:27  Probe (Chrono Boost)  
  101  7:31  Probe (Chrono Boost)  
  101  7:32  Probe (Chrono Boost)  
  101  7:36  Forge  
  102  7:43  Probe (Chrono Boost)  
  102  7:44  Probe (Chrono Boost)  
  103  7:45  Probe (Chrono Boost), Assimilator  
  103  7:47  Probe (Chrono Boost), Sentry, Zealot, Assimilator  
  103  7:50  Probe  
  109  7:52  Pylon  
  109  8:01  Probe, Extended Thermal Lance (Chrono Boost)  
  109  8:05  Protoss Ground Weapons Level 1 (Chrono Boost)  
  109  8:06  Probe  
  109  8:07  Probe  
  109  8:11  Photon Cannon  
  111  8:16  Zealot x8  
  127  8:21  Probe x2  
  127  8:23  Probe  
  130  8:32  Observer  
  130  8:37  Nexus  
  130  8:38  Colossus (Chrono Boost)  
  130  8:39  Pylon  
  130  8:47  Photon Cannon  
  136  8:56  Observer  
  136  9:02  Probe x3  
  139  9:08  Pylon, Templar Archives  
  139  9:10  Shield Battery  
  139  9:12  Robotics Facility  
  139  9:13  Photon Cannon  
  139  9:14  Probe x2  
  141  9:20  Pylon  
  141  9:23  Pylon, Forge  
  141  9:25  Warp Prism  
  141  9:27  Probe  
  141  9:28  Probe x2  
  146  9:33  Pylon  
  146  9:39  Probe  
  146  9:40  Probe  
  146  9:44  Stalker  
  149  9:47  Photon Cannon  
  149  9:53  Protoss Ground Weapons Level 2 (Chrono Boost), High Templar x4  
  149  9:54  High Templar x2, Zealot  
  149  9:57  Archon x2  
  149  9:58  Archon  
  149  9:59  Probe  
  164  10:01  Observer, Probe  
  164  10:02  Assimilator  
  164  10:05  Protoss Ground Armor Level 1 (Chrono Boost)  
  166  10:11  Pylon  
  166  10:16  Immortal  
  166  10:18  Disruptor  
  172  10:22  Gateway  
  172  10:24  Gateway  
  172  10:26  Photon Cannon  
  172  10:28  Nexus  
  172  10:32  Pylon  
  172  10:41  Observer  
  171  10:46  Pylon  
  171  10:49  Stalker x2  
  175  10:52  Zealot x6  
  175  10:54  Disruptor  
  187  10:57  Disruptor  
  191  11:05  Gravitic Drive  
  191  11:07  Probe  
  191  11:08  Probe x2  
  194  11:14  Dark Shrine  
  194  11:17  Pylon  
  194  11:27  Pylon  
  194  11:30  Protoss Ground Armor Level 2 (Chrono Boost), Immortal  
  198  11:36  Gateway  
  198  11:39  Protoss Ground Weapons Level 3 (Chrono Boost)  
  198  11:40  Gateway  
  198  11:42  Photon Cannon  
  198  11:43  Shield Battery  
  198  11:46  Stalker x2  
  198  12:01  Pylon  
  198  12:02  Stalker, Assimilator  
  199  12:11  Gateway  
  199  12:17  Nexus  
  179  12:42  Zealot x6  
  179  12:43  Dark Templar  
  177  12:45  Zealot x4  
  177  12:46  Shadow Stride, Zealot  
  177  12:47  Disruptor (Chrono Boost)  
  195  12:57  Disruptor (Chrono Boost)  
  193  13:04  Probe x2  
  195  13:09  Gateway  
  195  13:10  Zealot x2  
  195  13:11  Gateway  
  199  13:14  Pylon, Stargate  
  199  13:15  Observer  
  199  13:16  Photon Cannon  
  178  13:30  Disruptor (Chrono Boost)  
  178  13:32  Disruptor (Chrono Boost)  
  164  13:35  Photon Cannon  
  164  13:36  Zealot  
  164  13:37  Zealot x12  
  164  13:38  Photon Cannon  
  190  13:47  Photon Cannon  
  188  13:50  Shield Battery  
  186  14:01  Disruptor  
  190  14:05  Stalker x7  
  200  14:14  Stalker x2  
  190  14:21  Observer  
  187  14:24  Zealot x6  
  193  14:35  Zealot x3  
  193  14:36  Zealot x3  
  197  14:47  Fleet Beacon  
  197  14:51  Stargate  
  187  15:16  Zealot x8  
  177  15:35  Stalker x7  
  175  15:38  Stalker x5  
Show
View Real Time Build Order
Export as new Build Order

AqueroN Terran 

Build Orders:  

Get SALT Encoding   

  12  0:00  SCV  
  13  0:12  SCV  
  14  0:17  Supply Depot  
  14  0:24  SCV  
  15  0:38  SCV  
  15  0:40  Barracks  
  16  0:42  Refinery  
  16  0:50  SCV  
  16  0:52  Refinery  
  17  1:02  SCV  
  18  1:14  SCV  
  19  1:27  Orbital Command, Reaper  
  19  1:28  Supply Depot  
  20  1:40  Factory  
  20  1:53  SCV  
  21  1:59  Barracks Reactor  
  21  2:05  SCV  
  22  2:15  Command Center  
  22  2:17  SCV  
  23  2:23  Widow Mine  
  23  2:29  SCV  
  26  2:34  Starport  
  26  2:36  Marine  
  27  2:37  Marine  
  27  2:41  SCV  
  29  2:45  Supply Depot  
  31  2:54  Marine  
  30  3:02  Marine  
  31  3:07  SCV, Cyclone  
  31  3:11  Medivac  
  36  3:13  Marine  
  36  3:19  SCV  
  38  3:21  Marine  
  39  3:31  SCV  
  40  3:35  Marine  
  40  3:39  Factory Tech Lab, Marine  
  42  3:43  SCV  
  42  3:46  Orbital Command  
  43  3:52  Starport Tech Lab  
  43  3:55  Supply Depot, Marine  
  44  3:56  SCV  
  44  3:59  Siege Tank, Marine  
  49  4:09  SCV  
  50  4:13  Supply Depot, Marine  
  50  4:15  Banshee  
  50  4:16  Marine  
  55  4:20  SCV  
  55  4:21  SCV  
  55  4:23  Cloaking Field  
  57  4:30  Supply Depot  
  57  4:31  Marine  
  57  4:34  SCV, Marine  
  57  4:35  SCV  
  61  4:41  Refinery  
  61  4:44  Siege Tank  
  64  4:47  Barracks  
  64  4:49  SCV  
  64  4:50  SCV  
  66  4:58  Engineering Bay  
  66  5:01  SCV  
  66  5:02  Bunker  
  66  5:03  Banshee  
  66  5:05  SCV  
  71  5:07  Marine  
  71  5:08  Marine  
  71  5:14  SCV  
  74  5:16  Supply Depot  
  74  5:17  SCV  
  74  5:18  Supply Depot  
  75  5:23  Siege Tank  
  78  5:37  SCV, Barracks, Marine x3  
  78  5:41  Missile Turret  
  82  5:47  SCV  
  83  5:50  SCV  
  83  5:52  Terran Infantry Weapons Level 1  
  83  5:55  Marine x2, Supply Depot  
  85  5:58  Banshee  
  85  6:03  Siege Tank  
  91  6:05  Marine  
  91  6:08  SCV x2  
  92  6:18  Marine  
  94  6:19  Barracks Tech Lab  
  94  6:20  SCV x2  
  94  6:22  Marine  
  95  6:28  Barracks Reactor  
  95  6:34  SCV x2  
  95  6:36  Marine  
  96  6:40  Marine  
  96  6:46  SCV x2  
  88  6:54  Marine  
  88  6:55  Siege Tank, Marauder  
  88  6:58  SCV x2  
  88  7:00  Stimpack  
  88  7:01  Command Center  
  93  7:08  Starport Reactor  
  93  7:10  SCV x2  
  93  7:14  Marine x2  
  97  7:18  Barracks  
  97  7:19  Barracks, Refinery  
  97  7:26  Medivac x2, Marauder x2  
  105  7:32  Siege Tank  
  105  7:33  SCV  
  108  7:42  Combat Shield  
  108  7:46  Supply Depot x2  
  108  7:49  Marauder  
  110  7:53  Supply Depot  
  110  7:54  Supply Depot, Marine x2, Marauder  
  114  8:04  Medivac  
  114  8:05  Medivac  
  118  8:12  Orbital Command  
  118  8:14  Barracks Tech Lab, Marauder  
  118  8:16  Marauder, Marine x2, Barracks Reactor  
  124  8:20  SCV x2  
  126  8:27  Ghost Academy  
  126  8:28  Supply Depot  
  126  8:35  Marauder, Marine x2  
  126  8:36  Marauder  
  126  8:37  Marauder  
  126  8:40  Concussive Shells  
  134  8:41  Orbital Command  
  134  8:47  Viking  
  136  8:48  SCV x2  
  136  8:53  Marine  
  139  8:59  Ghost  
  139  9:00  SCV x2  
  143  9:04  Ghost  
  143  9:06  Marine x3  
  143  9:08  SCV  
  149  9:12  SCV  
  149  9:13  SCV, Marine  
  152  9:17  Refinery  
  152  9:18  Refinery  
  152  9:21  Missile Turret  
  152  9:23  Viking  
  154  9:24  Missile Turret  
  154  9:25  Viking  
  154  9:29  Ghost  
  158  9:32  Marine x4  
  162  9:40  Supply Depot x2  
  162  9:46  Ghost  
  164  9:58  Viking, Command Center  
  165  10:02  Viking, Sensor Tower  
  167  10:09  Missile Turret  
  167  10:10  Ghost  
  167  10:11  Marine, Missile Turret  
  167  10:12  Marine x4  
  173  10:18  Ghost  
  175  10:32  Barracks x3  
  175  10:34  Viking  
  177  10:35  Viking  
  177  10:37  Starport  
  177  10:39  Supply Depot  
  179  10:45  Ghost  
  179  10:46  Marauder  
  183  11:00  Marine x4  
  183  11:02  Marauder  
  189  11:20  Viking x2, Engineering Bay  
  189  11:22  Armory  
  193  11:28  Barracks Tech Lab x2  
  193  11:32  Marauder x3  
  194  11:50  Viking  
  197  11:56  Terran Infantry Armor Level 1  
  197  11:58  Fusion Core  
  197  11:59  Starport Reactor  
  197  12:00  Medivac  
  195  12:19  Ghost x2  
  166  12:41  Marauder x2  
  166  12:42  Marauder x2  
  174  12:44  Medivac x2, Marine  
  174  12:45  Terran Infantry Weapons Level 2, Marine x3  
  182  12:51  Liberator x2  
  188  13:01  Planetary Fortress  
  188  13:03  Marauder x3  
  188  13:04  Marauder  
  196  13:06  SCV x3  
  199  13:12  Refinery  
  193  13:21  Marauder x2  
  193  13:23  Marine  
  193  13:24  Marine  
  193  13:25  Marauder  
  181  13:33  Marine  
  181  13:34  Marauder, Marine  
  169  13:35  Marauder x2  
  152  14:04  Marauder x6, Marine  
  152  14:05  Marine x2  
  152  14:08  Medivac x2  
  169  14:14  Marine  
  165  14:22  Marine  
  159  14:24  Ghost x2  
  159  14:27  Marauder  
  159  14:28  Marauder x2  
  154  14:35  Marine x3  
  148  14:52  Marine  
  149  15:02  Marauder x3  
  138  15:16  Marauder x2  
  138  15:18  Marine x4  
Tags
 
Add a new tag
Caveats
  • Supply blocks, unpowered buildings, or Contaminate may cause inaccurate times.
  • Supply counts are checked every 10 seconds.